Cogmind - Beta 14 @@@ ROGUE MODE // 2025.03.20 @ 18:30:21 Player: Zoe Result: Destroyed by H-71 Marshal with Heavy Mass Driver Performance ------------- Evolutions (6) 3000 Regions Visited (14) 2800 Robots Destroyed (141) 705 Value Destroyed (5654) 5654 Prototype IDs (15) 300 Alien Tech Used (0) 0 Bonus (300) 300 TOTAL SCORE: 12759 Bonus ------- Met Data Miner 300 Cogmind --------- Core Integrity 0/1150 Matter 55/300 Energy 55/100 System Corruption 21% Temperature Cool (4) Movement Flying (35) Location -4/Armory Parts ------- > --- POWER (3) -------- (None) > --- PROPULSION (4) --- VTOL Module > --- UTILITY (9) ------ Improved Cooling System Enhanced Optical Array Improved Target Analyzer > --- WEAPON (3) ------- (None) > --- INVENTORY (5) ---- Enhanced Fission Core Light Antimatter Reactor Light Antimatter Reactor Myomer Leg High-capacity Storage Unit Peak State ------------ > --- POWER ------------ Light Antimatter Reactor Light Antimatter Reactor Light Antimatter Reactor > --- PROPULSION ------- Armored Medium Treads Armored Medium Treads Myomer Leg Myomer Leg > --- UTILITY ---------- Improved Cooling System Medium Storage Unit Enhanced Optical Array Active Sensor Suite Improved Heavy Armor Plating Improved Dynamic Insulation System > --- WEAPON ----------- Autogun High-powered Shotgun Coil Gun > --- INVENTORY -------- Light Fission Core Enhanced Fission Core Improved Heat Sink High-capacity Storage Unit Coil Gun [Rating: 112] Favorites ----------- Power Enhanced Fission Core Engine Deuterium Engine Power Core Enhanced Fission Core Reactor Cold Fusion Reactor Propulsion Light Treads Treads Light Treads Leg Carbon-fiber Leg Wheel Wheel Flight Unit VTOL Module Utility Structural Scanner Device Structural Scanner Storage Medium Storage Unit Processor Enhanced Optical Array Hackware Hacking Suite Protection Light Armor Plating Weapon Ion Cannon Energy Gun Tesla Rifle Energy Cannon Ion Cannon Ballistic Gun Railgun Ballistic Cannon Gauss Cannon Launcher Heavy Rocket Launcher Build | -11 -10 -10 -9 -9 -8 -7 -7 -7 -7 -6 -6 -5 -4 -4 ------- Run | Yrd Mat Min Mat Min Mat Fac Low Low Dat Pro Fac Fac Fac Arm Slots Evolved 12 | . . . 2 . 2 2 . . . . 2 2 2 . Power 2 | . . . . . . . . . . . 1 1 . . Propulsion 2 | . . . . . 2 . . . . . . . . . Utility 7 | . . . 2 . . 2 . . . . . 1 2 . Weapon 1 | . . . . . . . . . . . 1 . . . Parts Attached 217 | 10 4 2 26 1 32 10 5 . . 8 47 12 24 36 Power 28 | 1 1 . 2 . 1 . . . . 2 8 4 1 8 Engine 12 | 1 1 . 2 . 1 . . . . 2 4 1 . . Core 9 | . . . . . . . . . . . 2 3 . 4 Reactor 7 | . . . . . . . . . . . 2 . 1 4 Propulsion 49 | 2 1 . 6 . 6 5 . . . 3 9 2 5 10 Treads 26 | . . . 6 . 6 5 . . . 3 3 1 . 2 Leg 20 | 2 1 . . . . . . . . . 5 1 5 6 Wheel 1 | . . . . . . . . . . . 1 . . . Hover . | . . . . . . . . . . . . . . . Flight 2 | . . . . . . . . . . . . . . 2 Utility 87 | 5 2 2 15 1 21 4 . . . 1 15 2 8 11 Device 50 | 4 2 2 7 1 11 2 . . . . 12 2 2 5 Storage 4 | 1 . . 1 . . . . . . . . . 1 1 Processor 9 | . . . 2 . 1 . . . . . 2 . 2 2 Hackware 1 | . . . . . . . . . . . 1 . . . Protection 23 | . . . 5 . 9 2 . . . 1 . . 3 3 Artifact . | . . . . . . . . . . . . . . . Weapon 53 | 2 . . 3 . 4 1 5 . . 2 15 4 10 7 Energy Gun 29 | 2 . . . . . . 1 . . . 12 3 9 2 Energy Cannon 13 | . . . 3 . 3 1 3 . . 1 2 . . . Ballistic Gun 6 | . . . . . . . . . . . . . 1 5 Ballistic Cannon 3 | . . . . . 1 . . . . . 1 1 . . Launcher 2 | . . . . . . . 1 . . 1 . . . . Special Weapon . | . . . . . . . . . . . . . . . Impact Weapon . | . . . . . . . . . . . . . . . Slashing Weapon . | . . . . . . . . . . . . . . . Piercing Weapon . | . . . . . . . . . . . . . . . Special Melee Weapon . | . . . . . . . . . . . . . . . Unidentified Prototypes 4 | . . . . . . . . . . . 1 1 1 1 Corrupted Parts 5 | . . . . . . . . . . . 1 1 3 . System Corruption 27 | . . . . . . . . . . . 12 3 12 . Parts Lost 73 | . . . 4 . 2 . 2 . . 10 13 1 4 37 Power 11 | . . . 2 . . . . . . 2 1 . . 6 Propulsion 20 | . . . . . . . . . . 4 5 1 . 10 Utility 23 | . . . 2 . 1 . 2 . . 2 2 . 1 13 Weapon 19 | . . . . . 1 . . . . 2 5 . 3 8 Highest Loss Streak 24 | . . . 2 . 1 . 2 . . 10 5 1 2 24 To Critical Strikes 2 | . . . . . . . . . . . 1 . . 1 Average Slot Usage (%) 91 | . 95 97 96 100 100 100 98 84 84 80 81 97 98 69 Engine 6 | . 14 14 10 11 9 7 7 7 7 6 6 1 . . Core 3 | . . . . . . . . . . . 3 8 9 3 Reactor 1 | . . . . . . . . . . . 1 5 5 7 Treads 14 | . . . 18 22 36 30 30 30 30 27 9 . . 6 Leg 9 | . 28 28 3 . . . . . . . 10 22 21 10 Device 19 | . 9 12 9 22 17 23 23 23 23 20 20 20 27 14 Storage 5 | . 14 14 11 11 9 7 7 7 7 6 . . 4 3 Processor 5 | . . . 16 . . . . . . . 5 11 7 5 Hackware 1 | . . . . . . . . . . . 2 5 1 . Protection 4 | . . . 4 11 9 15 13 . . 3 . . 3 2 Energy Gun 7 | . 28 28 . . . . 5 . . . 11 14 14 1 Energy Cannon 8 | . . . 21 22 16 15 8 15 15 13 3 1 . . Peak Build Rating 112 | 9 7 7 20 17 23 33 33 32 32 36 57 80 103 112 Average Rating 43 | 6 6 6 17 17 19 28 32 32 32 31 42 73 94 80 On Entrance 30 | . 7 6 7 17 17 21 33 32 32 32 6 57 80 103 Naked Turns . | . . . . . . . . . . . . . . . Heaviest Build 87 | 14 14 14 35 34 40 43 43 39 39 43 46 64 87 87 Greatest Support 82 | 20 20 20 40 40 80 82 82 82 82 82 82 66 76 76 Greatest Overweight (x) 10 | . . . 1 . . . . . . . 10 1 1 4 Average Overweight (x) . | . . . . . . . . . . . . . . . Largest Inventory Capacity 10 | 8 8 8 10 10 10 10 10 10 10 10 5 5 10 10 Average Capacity 8 | 7 8 8 9 10 10 10 10 10 10 9 5 5 9 9 Most Carried 10 | 5 4 4 10 10 10 10 10 10 10 10 5 5 10 9 Average Carried 6 | 1 3 3 8 10 9 9 10 10 10 9 3 4 6 4 Final Capacity 10 | 8 8 8 10 10 10 10 10 10 10 5 5 5 10 5 Final Carried 10 | 3 4 3 10 10 10 10 10 10 10 5 5 5 9 5 Class Distribution -------------------- 31% | Scavenger-Mutant 25% | Mutant 19% | Scavenger-Tank 17% | Scavenger-Skirmisher 5% | Skirmisher Dominant Class ---------------- Mutant | -10/Materials Mutant | -10/Mines Mutant | -9/Materials Scavenger-Mutant | -9/Mines Scavenger-Mutant | -8/Materials Scavenger-Mutant | -7/Factory Scavenger-Mutant | -7/Lower Caves Mutant | -7/Lower Caves Mutant | -7/Data Miner Mutant | -6/Proximity Caves Scavenger-Skirmisher | -6/Factory Scavenger-Tank | -5/Factory Scavenger-Tank | -4/Factory Scavenger-Skirmisher | -4/Armory Resources | -11 -10 -10 -9 -9 -8 -7 -7 -7 -7 -6 -6 -5 -4 -4 ----------- Run | Yrd Mat Min Mat Min Mat Fac Low Low Dat Pro Fac Fac Fac Arm Matter Collected 3067 | 300 40 20 230 . 345 110 51 63 . 74 707 164 459 504 Remotely . | . . . . . . . . . . . . . . . Salvage Created 6446 | 144 119 38 853 . 631 487 203 57 . 187 1105 634 1269 719 Parts 280 | 10 5 6 60 . 27 24 6 1 . 11 32 18 43 37 Haulers Intercepted 2 | . . . . . 1 1 . . . . . . . . Recyclers Shooed 5 | . . . 1 . . . . . . . 3 1 . . Parts Field Recycled . | . . . . . . . . . . . . . . . Retrieved Matter . | . . . . . . . . . . . . . . . Parts Self-Destructed 8 | . . . . . . . 2 1 . 5 . . . . Prevented 4 | . . . . . . . 4 . . . . . . . Kills | -11 -10 -10 -9 -9 -8 -7 -7 -7 -7 -6 -6 -5 -4 -4 ------- Run | Yrd Mat Min Mat Min Mat Fac Low Low Dat Pro Fac Fac Fac Arm Combat Hostiles Destroyed 106 | . 4 3 13 . 11 4 6 1 . 10 16 5 19 14 Guns 40 | . 4 3 . . . . . . . . 3 3 13 14 Cannons 33 | . . . 13 . 9 4 1 1 . 1 4 . . . AOE 14 | . . . . . 1 . 3 . . 8 1 1 . . Classes Destroyed 16 | 2 2 . 6 . 2 . 1 . . . 1 1 . 1 Worker 4 | . . . 1 . 1 1 . . . . 1 . . . Builder 6 | . . . 3 . . . . . . . 2 1 . . Tunneler 5 | 5 . . . . . . . . . . . . . . Hauler 2 | . . . . . 1 1 . . . . . . . . Recycler 6 | 1 . . 2 . . 2 . . . . . 1 . . Mechanic 3 | . . . 1 . . . . . . . 1 1 . . Operator 1 | . . . 1 . . . . . . . . . . . Watcher 8 | . . . 2 . . 1 . . . . 2 3 . . Swarmer 22 | . 2 3 3 . . . 3 . . 4 . . 3 4 Grunt 42 | . 2 . 5 . 5 3 2 . . 5 9 3 5 3 Brawler 1 | . . . . . . . . . . . . 1 . . Sentry 19 | . . . 5 . 4 1 . . . 1 3 . 5 . Hunter 10 | . . . . . 2 . . 1 . . 2 1 . 4 Programmer 10 | . . . . . . . . . . . 2 . 6 2 Heavy 1 | . . . . . . . . . . . . . . 1 Mutant 1 | . . . . . . . 1 . . . . . . . Best Kill Streak 9 | 3 2 3 3 . 5 4 3 1 . 9 4 4 5 5 Combat Bots Only 9 | . 2 3 3 . 4 3 3 1 . 9 4 3 5 5 Max Kills in Single Turn 4 | 1 1 2 1 . 1 1 2 1 . 3 2 4 1 1 Gunslinging 1 | . . 1 . . . . . . . . . . . . Exploded 3 | . . . . . 1 . 2 . . 3 1 1 . . Melee . | . . . . . . . . . . . . . . . Uniques/NPCs Destroyed . | . . . . . . . . . . . . . . . Combat | -11 -10 -10 -9 -9 -8 -7 -7 -7 -7 -6 -6 -5 -4 -4 -------- Run | Yrd Mat Min Mat Min Mat Fac Low Low Dat Pro Fac Fac Fac Arm Hostile Shots Fired 1190 | . 34 7 63 . 47 30 17 8 . 185 192 32 148 427 Missed 384 | . 9 3 14 . 19 9 4 2 . 65 63 7 49 140 Damage Taken 14052 | . 253 26 605 . 448 266 255 87 . 2144 2430 346 1493 5699 Core 2598 | . 60 6 37 . 87 11 37 17 . 390 786 9 136 1022 Absorbed by Shields 1459 | . . . . . . . . . . . . 234 548 677 Regen/Repaired (Parts) 151 | . . . . . . . . . . . 151 . . . Core Remaining (%) 69 | 100 . 73 . 90 84 . . . . 35 7 99 . . Volleys Fired 381 | 22 19 2 43 . 27 22 13 5 . 18 66 15 60 69 Largest 3 | 2 2 2 2 . 2 2 2 2 . 2 3 3 3 3 Hottest 255 | 90 90 90 120 . 123 128 118 130 . 130 255 195 238 194 Shots Fired 846 | 44 38 4 83 . 54 37 21 10 . 28 160 45 164 158 Gun 593 | 44 38 4 . . . . 11 . . . 131 43 164 158 Cannon 242 | . . . 83 . 54 37 7 10 . 20 29 2 . . Launcher 11 | . . . . . . . 3 . . 8 . . . . Special . | . . . . . . . . . . . . . . . Kinetic 168 | . . . . . 5 . . . . . 15 1 21 126 Thermal 500 | 44 38 4 83 . 29 21 . 10 . 20 124 1 96 30 Explosive 11 | . . . . . . . 3 . . 8 . . . . Electromagnetic 167 | . . . . . 20 16 18 . . . 21 43 47 2 Robot Hit Streak 28 | 7 6 2 16 . 28 16 11 14 . 14 20 9 12 7 Robot Miss Streak 6 | 3 3 2 2 . 3 1 2 1 . 3 5 5 6 4 Penetration Max 1 | . . . . . . . . . . . . . . 1 Secondary Targets 9 | . . 1 . . . . . . . . 1 1 3 3 Max Gunslinging Chain 1 | . . 1 . . . . . . . . 1 1 1 1 Shots Hit Robots 519 | 27 18 2 55 . 43 23 14 8 . 14 106 25 88 96 Core Hits 244 | 7 7 3 22 . 19 12 7 2 . 33 38 15 38 41 Critical Kills 2 | . . . . . . . . . . . . . 1 1 Critical Parts Destroyed . | . . . . . . . . . . . . . . . Critical Strikes 29 | 1 1 . . . . . 2 . . . 15 . 9 1 Burn 23 | 1 1 . . . . . . . . . 14 . 7 . Destroy 2 | . . . . . . . . . . . . . 1 1 Blast 1 | . . . . . . . . . . . 1 . . . Corrupt 3 | . . . . . . . 2 . . . . . 1 . Melee Attacks . | . . . . . . . . . . . . . . . Impact . | . . . . . . . . . . . . . . . Slashing . | . . . . . . . . . . . . . . . Piercing . | . . . . . . . . . . . . . . . Sneak Attacks . | . . . . . . . . . . . . . . . Combat Hostiles . | . . . . . . . . . . . . . . . Follow-up Attacks . | . . . . . . . . . . . . . . . Damage Inflicted 14009 | 337 222 37 1325 . 1276 606 613 210 . 1520 2203 1164 2267 2229 Guns 7553 | 337 210 37 . . . . 150 . . . 1630 693 2267 2229 Cannons 4016 | . . . 1325 . 1026 586 132 210 . 294 443 . . . Explosions 2366 | . . . . . 238 20 331 . . 1226 123 428 . . Melee . | . . . . . . . . . . . . . . . Ramming 74 | . 12 . . . 12 . . . . . 7 43 . . Kinetic 2225 | . . . . . 120 . . . . . 138 . 280 1687 Thermal 7435 | 337 210 37 1325 . 680 289 66 210 . 294 1697 428 1320 542 Explosive 1491 | . . . . . . . 265 . . 1226 . . . . Electromagnetic 2784 | . . . . . 464 317 282 . . . 361 693 667 . Impact . | . . . . . . . . . . . . . . . Slashing . | . . . . . . . . . . . . . . . Piercing . | . . . . . . . . . . . . . . . Highest Corruption 21 | . . . . . . 4 4 4 4 4 12 3 20 21 Average Corruption 9 | . . . . . . 3 4 4 4 4 7 3 15 20 Corruption Purged 5 | . . . . . . . . . . . 5 . . . Corruption Blocked . | . . . . . . . . . . . . . . . Effects 178 | . . . . . . 3 6 8 4 11 54 1 63 28 Message Errors 44 | . . . . . . 2 2 3 3 4 11 1 10 8 Matter Fused 37 | . . . . . . 1 1 1 . 2 10 . 18 4 Heat Flow Errors 20 | . . . . . . . . . . 1 8 . 8 3 Energy Discharges 20 | . . . . . . . 1 3 . 1 9 . 4 2 Parts Rejected 2 | . . . . . . . . . . . 1 . . 1 Parts Fused 2 | . . . . . . . . . . . 1 . 1 . Data Loss (minor) 21 | . . . . . . . 1 1 . 2 5 . 10 2 Data Loss (major) 8 | . . . . . . . . . . 1 4 . 3 . Misfires 12 | . . . . . . . 1 . . . 5 . 3 3 Alerts 2 | . . . . . . . . . 1 . . . 1 . Weapon Failures 10 | . . . . . . . . . . . . . 5 5 Overload Shots . | . . . . . . . . . . . . . . . Overflow Damage 230 | . . . 56 . 14 5 30 . . 22 . 103 . . Projectiles 67 | . . . 56 . 6 5 . . . . . . . . Explosions 163 | . . . . . 8 . 30 . . 22 . 103 . . Melee . | . . . . . . . . . . . . . . . Knockbacks 4 | . . . . . . . . . . . 3 1 . . Impact 1 | . . . . . . . . . . . . 1 . . Kinetic 3 | . . . . . . . . . . . 3 . . . Secondary . | . . . . . . . . . . . . . . . Self-Inflicted Damage 449 | . . . . . 47 25 39 . . 106 27 205 . . Shots 11 | . . . . . 1 1 2 . . 3 1 3 . . Rammed 3 | . . . . . 1 . . . . . 2 . . . Targets Rammed 9 | . 1 . . . 1 . . . . . 2 5 . . Kicked 6 | . 1 . . . . . . . . . . 5 . . Crushed . | . . . . . . . . . . . . . . . Highest Temperature 730 | 290 276 60 561 . 381 19 12 . . 71 730 154 302 263 Average Temperature 106 | 109 124 30 129 . 110 10 8 . . 25 148 70 47 44 Received Heat Transfer 2120 | . 72 . 213 . 117 117 76 . . 615 537 52 138 183 Effects 29 | 1 2 . 7 . 2 . . . . . 17 . . . Shutdowns 5 | . . . . . 1 . . . . . 4 . . . Energy Bleed 3 | 1 . . . . . . . . . . 2 . . . Interference 6 | . 2 . 1 . . . . . . . 3 . . . Damage (minor) 2 | . . . . . 1 . . . . . 1 . . . Damage (major) 9 | . . . 6 . . . . . . . 3 . . . Damage (core) 4 | . . . . . . . . . . . 4 . . . Siege Activations . | . . . . . . . . . . . . . . . Robots Corrupted 8 | . . . . . 1 . 2 . . . 1 1 3 . Combat Hostiles 8 | . . . . . 1 . 2 . . . 1 1 3 . Parts Fried 22 | . . . . . 3 1 5 . . . 4 7 2 . Impact Corruptions . | . . . . . . . . . . . . . . . Robots Melted 11 | . . . . . . . . . . 1 7 . 3 . Combat Hostiles 11 | . . . . . . . . . . 1 7 . 3 . Parts Melted 62 | . 2 . 2 . . . . 1 . 1 35 . 19 2 Heat Transferred 16083 | 955 608 99 2146 . 1003 420 50 296 . 407 5796 300 3300 703 Parts Sabotaged . | . . . . . . . . . . . . . . . Parts Stolen . | . . . . . . . . . . . . . . . Parts Stripped . | . . . . . . . . . . . . . . . Power Chain Reactions 6 | . . . . . 3 1 1 . . . . 1 . . Alert | -11 -10 -10 -9 -9 -8 -7 -7 -7 -7 -6 -6 -5 -4 -4 ------- Run | Yrd Mat Min Mat Min Mat Fac Low Low Dat Pro Fac Fac Fac Arm Peak Influence 355 | 30 254 169 210 58 232 123 . . . . 220 355 319 343 Initial 156 | . 19 99 65 58 22 37 . . . . 50 107 105 156 Average 127 | 12 113 165 126 58 112 70 . . . . 103 160 178 231 Maximum Alert Level 1 | . 1 . 1 . 1 . . . . . 1 1 1 1 Low Security (%) 77 | 100 83 100 88 100 77 100 . . . . 87 61 59 15 Level 1 22 | . 16 . 11 . 22 . . . . . 12 38 40 84 Level 2 . | . . . . . . . . . . . . . . . Level 3 . | . . . . . . . . . . . . . . . Level 4 . | . . . . . . . . . . . . . . . Level 5 . | . . . . . . . . . . . . . . . High Security . | . . . . . . . . . . . . . . . Max Security . | . . . . . . . . . . . . . . . Squads Dispatched 19 | . 1 . 1 . 2 . . . . . 3 3 6 3 Investigation 2 | . . . . . . . . . . . . 1 1 . Extermination 7 | . . . . . . . . . . . 2 1 3 1 Reinforcement 10 | . 1 . 1 . 2 . . . . . 1 1 2 2 Assault . | . . . . . . . . . . . . . . . Garrison . | . . . . . . . . . . . . . . . Intercept . | . . . . . . . . . . . . . . . Searches Triggered . | . . . . . . . . . . . . . . . Data Miner Redirects 1 | . . . . . . . . . . . . . 1 . Construction Impeded . | . . . . . . . . . . . . . . . Haulers Reinforced 1 | . . . . . . . . . . . . . 1 . Active Scanning Responses . | . . . . . . . . . . . . . . . Cargo Convoy Interrupts 1 | . . . . . . . . . . . . 1 . . Stealth | -11 -10 -10 -9 -9 -8 -7 -7 -7 -7 -6 -6 -5 -4 -4 --------- Run | Yrd Mat Min Mat Min Mat Fac Low Low Dat Pro Fac Fac Fac Arm Distress Signals 6 | . 1 . . . . 2 . . . . . 3 . . Communications Jammed 17 | . . . . . . . . . . . . . 12 5 Distress Signals 12 | . . . . . . . . . . . . . 12 . Times Spotted 177 | . 13 3 21 . 12 7 6 1 . 21 25 16 28 24 Peak Tracking Total 11 | . 4 3 3 . 3 4 3 1 . 11 4 5 8 9 Tactical Retreats 13 | . 3 . 1 . . . . . . . 1 2 4 2 Traps | -11 -10 -10 -9 -9 -8 -7 -7 -7 -7 -6 -6 -5 -4 -4 ------- Run | Yrd Mat Min Mat Min Mat Fac Low Low Dat Pro Fac Fac Fac Arm Traps Triggered 5 | . 1 . 1 . . 2 . . . . . 1 . . Indirectly . | . . . . . . . . . . . . . . . Trap Hack Attempts . | . . . . . . . . . . . . . . . Triggered . | . . . . . . . . . . . . . . . Disarmed . | . . . . . . . . . . . . . . . Reprogrammed . | . . . . . . . . . . . . . . . Reused . | . . . . . . . . . . . . . . . Traps Extracted . | . . . . . . . . . . . . . . . Installed . | . . . . . . . . . . . . . . . Triggered 3 | . . . . . . . . 2 . . . 1 . . Machines | -11 -10 -10 -9 -9 -8 -7 -7 -7 -7 -6 -6 -5 -4 -4 ---------- Run | Yrd Mat Min Mat Min Mat Fac Low Low Dat Pro Fac Fac Fac Arm Machines Disabled 19 | . . . . . 1 . 1 . . 3 6 7 1 . Max in Single Turn 6 | . . . . . 1 . 1 . . 2 6 4 1 . Machines Repaired . | . . . . . . . . . . . . . . . Machines Dismantled . | . . . . . . . . . . . . . . . Machines Sabotaged . | . . . . . . . . . . . . . . . Overloaded Fab Kills . | . . . . . . . . . . . . . . . Hacking | -11 -10 -10 -9 -9 -8 -7 -7 -7 -7 -6 -6 -5 -4 -4 --------- Run | Yrd Mat Min Mat Min Mat Fac Low Low Dat Pro Fac Fac Fac Arm Machines Accessed 18 | . . 1 4 . . 3 . . 4 . 2 1 3 . Terminals 9 | . . . 3 . . 2 . . . . . 1 3 . Fabricators . | . . . . . . . . . . . . . . . Repair Stations 2 | . . . 1 . . . . . . . 1 . . . Recycling Units 1 | . . . . . . . . . . . 1 . . . Scanalyzers . | . . . . . . . . . . . . . . . Garrison Access 1 | . . . . . . 1 . . . . . . . . Total Hacks 52 | . . 1 6 . . 6 . . 23 . 7 2 7 . Successful 36 | . . 1 1 . . 1 . . 23 . 6 1 3 . Failed 16 | . . . 5 . . 5 . . . . 1 1 4 . Catastrophic 9 | . . . 3 . . 2 . . . . . 1 3 . Database Lockouts . | . . . . . . . . . . . . . . . Manual 13 | . . . 4 . . 3 . . . . . . 6 . Terminals 18 | . . . 5 . . 4 . . . . . 2 7 . Fabricators . | . . . . . . . . . . . . . . . Repair Stations 6 | . . . 1 . . . . . . . 5 . . . Recycling Units 2 | . . . . . . . . . . . 2 . . . Scanalyzers . | . . . . . . . . . . . . . . . Garrison Access 2 | . . . . . . 2 . . . . . . . . Terminal Hacks 30 | . . 1 1 . . 1 . . 23 . . 1 3 . Record 6 | . . . . . . 1 . . 3 . . . 2 . Part Schematic 13 | . . . . . . . . . 13 . . . . . Robot Schematic 4 | . . . . . . . . . 4 . . . . . Robot Analysis 1 | . . . . . . . . . . . . 1 . . Prototype ID Bank 3 | . . . . . . . . . 3 . . . . . Open Door 1 | . . 1 . . . . . . . . . . . . Branch Access Points 1 | . . . . . . . . . . . . . 1 . Dispatch Records 1 | . . . 1 . . . . . . . . . . . Fabricator Hacks . | . . . . . . . . . . . . . . . Repair Station Hacks 5 | . . . . . . . . . . . 5 . . . Scan Component 2 | . . . . . . . . . . . 2 . . . Repair 2 | . . . . . . . . . . . 2 . . . Refit 1 | . . . . . . . . . . . 1 . . . Recycling Unit Hacks 1 | . . . . . . . . . . . 1 . . . Retrieve Components 1 | . . . . . . . . . . . 1 . . . Scanalyzer . | . . . . . . . . . . . . . . . Garrison Access Hacks . | . . . . . . . . . . . . . . . Unauthorized Hacks . | . . . . . . . . . . . . . . . Terminals . | . . . . . . . . . . . . . . . Fabricators . | . . . . . . . . . . . . . . . Repair Stations . | . . . . . . . . . . . . . . . Recycling Units . | . . . . . . . . . . . . . . . Scanalyzers . | . . . . . . . . . . . . . . . Garrison Access . | . . . . . . . . . . . . . . . Data Cores Recovered . | . . . . . . . . . . . . . . . Used . | . . . . . . . . . . . . . . . Hacking Detections 11 | . . . 4 . . 3 . . . . . 1 3 . Full Trace Events 2 | . . . . . . . . . . . . 1 1 . Feedback Events . | . . . . . . . . . . . . . . . Feedback Blocked . | . . . . . . . . . . . . . . . Robot Schematics Acquired 4 | . . . . . . . . . 4 . . . . . Robots Built . | . . . . . . . . . . . . . . . Authchips . | . . . . . . . . . . . . . . . Time . | . . . . . . . . . . . . . . . Total Robot Build Rating . | . . . . . . . . . . . . . . . Part Schematics Acquired 13 | . . . . . . . . . 13 . . . . . Parts Built . | . . . . . . . . . . . . . . . Authchips . | . . . . . . . . . . . . . . . Time . | . . . . . . . . . . . . . . . Total Part Build Rating . | . . . . . . . . . . . . . . . Parts Repaired 2 | . . . . . . . . . . . 2 . . . Time 52 | . . . . . . . . . . . 52 . . . Parts Recycled . | . . . . . . . . . . . . . . . Recycled Matter . | . . . . . . . . . . . . . . . Retrieved Matter . | . . . . . . . . . . . . . . . Retrieved Components 1 | . . . . . . . . . . . 1 . . . Parts Scanalyzed . | . . . . . . . . . . . . . . . Part Schematics Acquired . | . . . . . . . . . . . . . . . Parts Damaged . | . . . . . . . . . . . . . . . Bothacking | -11 -10 -10 -9 -9 -8 -7 -7 -7 -7 -6 -6 -5 -4 -4 ------------ Run | Yrd Mat Min Mat Min Mat Fac Low Low Dat Pro Fac Fac Fac Arm Used RIF Installer . | . . . . . . . . . . . . . . . Robots Hacked . | . . . . . . . . . . . . . . . Non-combat . | . . . . . . . . . . . . . . . Combat . | . . . . . . . . . . . . . . . Robot Hacks Applied . | . . . . . . . . . . . . . . . Relay Couplers Released . | . . . . . . . . . . . . . . . Fabnet Peak Effective % . | . . . . . . . . . . . . . . . Robots Rewired . | . . . . . . . . . . . . . . . Allies Hacked . | . . . . . . . . . . . . . . . Hacks Repelled . | . . . . . . . . . . . . . . . Allies | -11 -10 -10 -9 -9 -8 -7 -7 -7 -7 -6 -6 -5 -4 -4 -------- Run | Yrd Mat Min Mat Min Mat Fac Low Low Dat Pro Fac Fac Fac Arm Total Allies . | . . . . . . . . . . . . . . . Largest Group . | . . . . . . . . . . . . . . . Highest-Rated Group . | . . . . . . . . . . . . . . . Highest-Rated Ally . | . . . . . . . . . . . . . . . Total Orders . | . . . . . . . . . . . . . . . Ally Attacks . | . . . . . . . . . . . . . . . Total Damage . | . . . . . . . . . . . . . . . Kills . | . . . . . . . . . . . . . . . Allies Corrupted . | . . . . . . . . . . . . . . . Allies Melted . | . . . . . . . . . . . . . . . Intel | -11 -10 -10 -9 -9 -8 -7 -7 -7 -7 -6 -6 -5 -4 -4 ------- Run | Yrd Mat Min Mat Min Mat Fac Low Low Dat Pro Fac Fac Fac Arm Robot Analysis Total 1 | . . . . . . . . . . . . 1 . . Derelict Logs Recovered . | . . . . . . . . . . . . . . . Drone Launches . | . . . . . . . . . . . . . . . Drone Recoveries . | . . . . . . . . . . . . . . . Exploration | -11 -10 -10 -9 -9 -8 -7 -7 -7 -7 -6 -6 -5 -4 -4 ------------- Run | Yrd Mat Min Mat Min Mat Fac Low Low Dat Pro Fac Fac Fac Arm Turns Passed 10019 | 241 371 67 1362 124 854 824 381 361 131 533 1987 853 1498 432 Spaces Moved 4742 | 130 211 49 616 73 385 395 208 213 81 292 958 471 578 82 Core 88 | 6 . . . . . . . . . 32 45 . . 5 Treads 2488 | . . . 517 73 385 395 208 213 81 260 297 . . 59 Legs 2073 | 124 211 49 99 . . . . . . . 527 471 578 14 Wheels 89 | . . . . . . . . . . . 89 . . . Hover . | . . . . . . . . . . . . . . . Flight 4 | . . . . . . . . . . . . . . 4 Fastest Speed 32 | 50 120 120 120 160 160 160 163 163 163 50 50 122 120 32 Average Speed 152 | 116 120 120 163 160 160 163 163 163 163 149 140 128 175 196 Slowest Speed 550 | 120 120 120 240 160 160 167 163 163 163 163 550 193 190 260 Overloaded Moves . | . . . . . . . . . . . . . . . Propulsion Burnouts . | . . . . . . . . . . . . . . . Robots Hopped . | . . . . . . . . . . . . . . . Cave-ins Triggered . | . . . . . . . . . . . . . . . Exploration Rate (%) 29 | 6 41 11 46 25 30 16 42 37 68 46 29 15 20 5 Regions Visited 14 Branch Regions 7 Pre-discovered Areas 1 | . . . . . . . . . 1 . . . . . Known Exits Taken 3 | . . . . . . . . . . . 1 1 1 . Unknown Exits Taken 11 | 1 1 1 1 1 1 1 1 1 1 1 . . . . Scrap Searched 3 | . . 1 . . . . . 2 . . . . . . Spaces Dug 35 | . . . . . 2 1 . . . 16 2 . 14 . Terrain Destroyed 305 | . . . 2 . 14 4 62 2 . 87 50 58 25 1 Melee . | . . . . . . . . . . . . . . . Projectile 48 | . . . 2 . 4 2 . 2 . 7 5 . 25 1 AOE 257 | . . . . . 10 2 62 . . 80 45 58 . . Terrain Rammed . | . . . . . . . . . . . . . . . Walls Destroyed . | . . . . . . . . . . . . . . . Machines Disabled . | . . . . . . . . . . . . . . . Actions | -11 -10 -10 -9 -9 -8 -7 -7 -7 -7 -6 -6 -5 -4 -4 --------- Run | Yrd Mat Min Mat Min Mat Fac Low Low Dat Pro Fac Fac Fac Arm Total 6761 | 172 290 53 881 80 564 540 229 217 80 362 1461 688 926 218 Wait 1306 | 3 54 . 187 7 100 102 1 . . 38 371 172 251 20 Move 4728 | 129 210 48 615 72 384 394 207 212 80 291 957 470 577 82 Hop . | . . . . . . . . . . . . . . . Pick Up 42 | 4 . . 5 . 9 4 1 . . . 5 6 6 2 Fast Attach 62 | 8 3 . 5 . . . . . . 1 19 2 5 19 Attach 46 | 1 1 2 3 . 5 2 . . . 4 11 1 3 13 Detach 22 | 2 2 1 2 . 1 . . . . 2 4 . 2 6 Swap 109 | 1 . . 18 1 27 8 5 . . 3 17 9 16 4 Drop 56 | 2 . . 3 . 10 8 2 . . 5 9 8 6 3 Fire 381 | 22 19 2 43 . 27 22 13 5 . 18 66 15 60 69 Melee . | . . . . . . . . . . . . . . . Ram . | . . . . . . . . . . . . . . . Kick 6 | . 1 . . . . . . . . . . 5 . . Crush 3 | . . . . . 1 . . . . . 2 . . . Escape Stasis . | . . . . . . . . . . . . . . . Rewire . | . . . . . . . . . . . . . . . Trap . | . . . . . . . . . . . . . . . Miscellaneous . | . . . . . . . . . . . . . . . Route ------- -11/Scrapyard -10/Materials -10/Mines -9/Materials (discovered 2 exits: [*Mat] / [*Min]) -9/Mines -8/Materials -7/Factory -7/Lower Caves -7/Lower Caves -7/Data Miner -6/Proximity Caves -6/Factory -5/Factory -4/Factory (discovered 3 exits: *Upp x2 / *Arm) -4/Armory History --------- Turn | Location | Event 4 | -11/Scrapyard | Discovered new exit (range 16) 242 | -11/Scrapyard | Entered Materials 310 | -10/Materials | Build established: Mutant 601 | -10/Materials | Discovered new exit (range 11) 613 | -10/Materials | Entered Mines 658 | -10/Mines | Discovered new exit (range 7) 669 | -10/Mines | Found the Drone Emporium 680 | -10/Mines | Entered Materials 680 | -9/Materials | Evolved 2 slots: Utility x2 1207 | -9/Materials | Discovered new exit (range 8) 1286 | -9/Materials | Discovered new exit (range 16) 2034 | -9/Materials | Build established: Scavenger-Mutant 2042 | -9/Materials | Entered Mines 2053 | -9/Mines | Met a Derelict bent on vengeance 2152 | -9/Mines | Discovered new exit (range 9) 2166 | -9/Mines | Entered Materials 2166 | -8/Materials | Evolved 2 slots: Propulsion x2 2861 | -8/Materials | Discovered new exit (range 15) 3020 | -8/Materials | Entered Factory 3020 | -7/Factory | Evolved 2 slots: Utility x2 3771 | -7/Factory | Noticed a derelict Sapper rigging charges 3801 | -7/Factory | Discovered new exit (range 15) 3844 | -7/Factory | Entered Lower Caves 4163 | -7/Lower Caves | Attacked by a delusional Derelict stockpiling parts 4190 | -7/Lower Caves | Discovered new exit (range 15) 4225 | -7/Lower Caves | Entered another Lower Caves area 4470 | -7/Lower Caves | Build established: Mutant 4581 | -7/Lower Caves | Discovered new exit (range 3) 4586 | -7/Lower Caves | Entered Data Miner 4586 | -7/Data Miner | Discovered new exit (range 6) 4617 | -7/Data Miner | Met Data Miner 4645 | -7/Data Miner | Learned location of Section 7 (-2) 4679 | -7/Data Miner | Received God Mode back door access code from Data Miner 4717 | -7/Data Miner | Entered Proximity Caves 4841 | -6/Proximity Caves | Attracted the attention of an 0b10 checkpoint 5130 | -6/Proximity Caves | Attracted the attention of an 0b10 base 5193 | -6/Proximity Caves | Destroyed 9 combat bots 5219 | -6/Proximity Caves | Spotted B-75 Beast 5223 | -6/Proximity Caves | Core integrity fell below 50% 5239 | -6/Proximity Caves | Discovered new exit (range 13) 5250 | -6/Proximity Caves | Entered Factory 5250 | -6/Factory | Evolved 2 slots: Power x1, Weapon x1 5251 | -6/Factory | Lost 10 parts (2p4n2u2w) 5309 | -6/Factory | Repaired Structural Scanner 5336 | -6/Factory | Repaired Lgt. Treads 5421 | -6/Factory | System corruption reached 10% 5730 | -6/Factory | Build established: Scavenger-Skirmisher 5739 | -6/Factory | Core integrity fell below 50% 5921 | -6/Factory | Core integrity fell below 20% 5954 | -6/Factory | Lost 5 parts (3n1u1w) 7211 | -6/Factory | Discovered new exit (range 22) 7236 | -6/Factory | Identified exit to Factory 7237 | -6/Factory | Entered another Factory area 7237 | -5/Factory | Evolved 2 slots: Power x1, Utility x1 7362 | -5/Factory | Spotted B-75 Beast 7807 | -5/Factory | Build established: Scavenger-Tank 7908 | -5/Factory | Discovered new exit (range 16) 8047 | -5/Factory | Cargo convoy interrupted 8089 | -5/Factory | Identified exit to Factory 8090 | -5/Factory | Entered another Factory area 8090 | -4/Factory | Evolved 2 slots: Utility x2 8125 | -4/Factory | Identified exit to Upper Caves 8125 | -4/Factory | Identified exit to Armory 8150 | -4/Factory | Incoming investigation squad redirected 8233 | -4/Factory | System corruption reached 10% 9588 | -4/Factory | Entered Armory 9720 | -4/Armory | Core integrity fell below 50% 9743 | -4/Armory | Lost 24 parts (3p6n9u6w) 9810 | -4/Armory | Found Prototype Device 9810 | -4/Armory | Identified Active Sensor Suite 9979 | -4/Armory | Lost 4 parts (2p2u) 9990 | -4/Armory | Core integrity fell below 20% 10020 | -4/Armory | Destroyed by H-71 Marshal with Heavy Mass Driver Last Messages --------------- 09997_ Hpw. Shotgun destroyed. 09999_ Coil Gun destroyed. 10003_ Slug penetrates H-71 Marshal. 10003_ Slug penetrates Extraspacial Lockers. 10006_ Slug penetrates H-71 Marshal. 10006_ Coil Gun destroyed. 10006_ Imp. Dynamic Insulation System destroyed. 10013_ Acquired Unknown Flight Unit. 10013_ Identified VTOL Module. 10014_ System corrupted: Heat flow error (+182). 10015_ Penetrated by Slug. 10015_ Autogun destroyed. 10015_ Knocked back. 10015_ Dropped Med. Storage Unit. 10017_ Acquired VTOL Module. 10019_ Dropped Arm. Medium Treads. 10019_ Dropped Flexi-carbon Leg. 10020_ Penetrated by Slug. 10020_ VTOL Module destroyed. [Achievement: Back For More] Map ----- +----------------------------------------------------+ | ????????????????????????????????????????????????? | | ????????????????????????????????????????????????? | | ????????????????????????????????????????????????? | | ????????????????????????????????????????????????? | | ???????????????????? ?????????????????????????? | | ????????????????? ?? ?????????????????????????? | | ????????????????? ?? ?????????????????????????? | | ????????????????? ? ?????????????????????????? | | ?????????????????? ? #????????????????????????? | | ?????????????????? ? #????????????????????????? | | ?????????????????#+## #????????????????????????? | | ????????????????? # ##########?####??????????? | | ????????????????""" # ## #??????????? | | ???????????????"""" # ## #??????????? | | ???????????????"""" + ## """ """ #??????????? | | ??????????????? # ## """ """ #??????????? | | ????????????????T"" # ## """ """ = #??????????? | | ??????????#??????"" # ## #??????????? | | ??????????# ?????? " ## """ """ #??????????? | | ??????????##+######"" "# """ """ #??????????? | | ??????????# ""%[!# """ """ #??????????? | | ??????????# ""=%*" #??????????? | | ??????????#""" ;" "# #??????????? | | ??????????#""" ;;% %# *[% ##########?? | | ??????????#""" !#*! ####;!########"########## | | ??????????#""" [!%H %! @ % ! % ; | | ??????????#""" =#/[ = = ! % % %; ## | | ??????????#""" # * =;#####%################## | | ????????# + #####;######################?? | | ????????# #######+?????###??????????????????????? | | ????????????????????????????????????????????????? | | ????????????????????????????????????????????????? | | ????????????????????????????????????????????????? | | ????????????????????????????????????????????????? | | ????????????????????????????????????????????????? | | ????????????????????????????????????????????????? | | ????????????????????????????????????????????????? | | ????????????????????????????????????????????????? | | ????????????????????????????????????????????????? | | ????????????????????????????????????????????????? | | ????????????????????????????????????????????????? | | ????????????????????????????????????????????????? | | ????????????????????????????????????????????????? | | ????????????????????????????????????????????????? | | ????????????????????????????????????????????????? | | ????????????????????????????????????????????????? | | ????????????????????????????????????????????????? | | ????????????????????????????????????????????????? | | ????????????????????????????????????????????????? | | ????????????????????????????????????????????????? | +----------------------------------------------------+ Best States ------------- Heat Dissipation 89 Energy Generation 53 Energy Capacity 700 Matter Stores 300 Matter Capacity 300 Sight Range 22 Robot Scan Range 20 Terrain Scan Range 16 Terrain Scan Density 10 Jamming Range 16 Power Amplification 20 EM Shielding 3 Armor Coverage 600 Evasion (%) 55 Targeting Accuracy 16 Target Analysis 6 Recoil Reduction 4 Offensive Hacking 10 Item Schematics ----------------- Combat Drone Bay | -7/Data Miner | Free Lgt. Regenerative Plating | -7/Data Miner | Free Cld. Aerolev Unit | -7/Data Miner | Free Gravity Neutralizer | -7/Data Miner | Free Cld. Plasma Cannon | -7/Data Miner | Free Arm. Medium Treads | -7/Data Miner | Free Lrn. Tractor Beam | -7/Data Miner | Free KE Penetrator | -7/Data Miner | Free Adv. Signal Interpreter | -7/Data Miner | Free Mni. Drone Bay | -7/Data Miner | Free Imp. Weapon Cycler | -7/Data Miner | Free Imp. Gyrokinetic Inverter | -7/Data Miner | Free Imp. Force Field | -7/Data Miner | Free Robot Schematics ------------------ G-47 Trooper | -7/Data Miner | Free P-60 Hacker | -7/Data Miner | Free B-48 Gladiator | -7/Data Miner | Free H-55 Commando | -7/Data Miner | Free Fabricated ------------ Nothing Alien Tech Used ----------------- None Achievements -------------- Back For More Challenges ------------ None Game ------ Seed TerrabombOmegaRedistributor Manual? 0 Play Time 01:45:30 Cumulative 74.0 hours Start 2025.03.20 @ 16:43:06 End 2025.03.20 @ 18:30:21 Sessions 1 Manual Loads 0 Difficulty Rogue Special Mode None Game No. 50 Rogue 50 Adventurer 0 Explorer 0 Win Type - Total 0 Types 0/0/0/0/0/0/0/0/0 Lore% 29 Gallery% 51 Achievement% 47 Wizard Run 0 Options --------- Layout 1 ASCII 0 Keyboard 1 Movement Numpad Keybinds 0 Fullscreen 1 Font 24/Smallcaps Map View 50x35 Zoom Use 0% Tactical HUD 1 Map Filters NONE Filters NONE Steam 1 RUN: 04cd8907-3e58-4756-ab2b-2a33725543c9